 Dungeon Crawl Stone Soup version 0.31.0 (webtiles) character file.

Game seed: 8528901336485466839

52938 Arctor the Skirmisher (level 15, -4/87 HPs)
             Began as a Kobold Hexslinger on Jan 20, 2024.
             Was a High Priest of Dithmenos.
             Killed from afar by an eleionoma (25 damage)
             ... with a spray of wooden splinters
             ... on level 2 of the Lair of Beasts.
             The game lasted 00:52:12 (19750 turns).

Arctor the Skirmisher (Kobold Hexslinger)          Turns: 19750, Time: 00:52:14

Health: -4/87      AC: 16    Str:  6    XL:     15   Next: 8%
Magic:  25/28      EV: 34    Int: 13    God:    Dithmenos [*****.]
Gold:   1129       SH:  9    Dex: 28    Spells: 7/33 levels left

rFire   + . .        a - +3 orcbow (freeze)
rCold   . . .        (shield currently unavailable)
rNeg    . . .        F - +2 swamp dragon scales
rPois   +            S - +2 hat {Stlth+}
rElec   .            (no cloak)
rCorr   .            g - +2 pair of gloves
SInv    .            z - +2 pair of slick slippers {slick, slippery, EV+4}
Will    .....        t - amulet of reflection
Stlth   ++++++       P - +5 ring of evasion
HPRegen 0.34/turn    j - +5 ring of evasion
MPRegen 0.21/turn

%: reflection
@: weak-willed, jinxed, wreathed by umbra
A: small, no large weapons, nightstalker 3, large bone plates 1, agile 1, fire
resistance 1
a: Renounce Religion, Shadow Step, Shadow Form


You were on level 2 of the Lair of Beasts.
You worshipped Dithmenos.
Dithmenos was extremely pleased with you.
You visited 5 branches of the dungeon, and saw 18 of its levels.

You collected 2212 gold pieces.
You spent 1083 gold pieces at shops.

Inventory:

Hand Weapons
 a - a +3 orcbow of freezing (weapon)
 b - a +4 dagger of freezing
 h - a +2 dagger of speed
 v - a +4 mace
 G - the +6 whip of Disintegration {drain, rC- Dex+8}
   (You found it on level 8 of the Dungeon)

   Dex+8:     It affects your dexterity (+8).
   rC-:       It makes you vulnerable to cold.
 T - the +8 sling of the Median {freeze, Dex+3}
   (You found it on level 1 of the Lair of Beasts)

   Dex+3:     It affects your dexterity (+3).
Missiles
 r - 2 darts of dispersal
Armour
 f - a +0 helmet
 g - a +2 pair of gloves (worn)
 q - the +1 robe of Elyvilon's Wrath {Str+5}
   (You found it on level 2 of the Dungeon)

   Str+5:     It affects your strength (+5).
 u - a +0 cloak
 z - the +2 pair of slick slippers (worn) {slick, slippery, EV+4}
   (You acquired it on level 7 of the Dungeon)

   Slick:     Its wearer cannot be constricted, engulfed, netted or webbed.
   Slippery:  Its wearer slips away from damaging melee attacks, pulling the
   attacker onward.
   EV+4:      It affects your evasion (+4).
 F - +2 swamp dragon scales (worn)
 H - +0 steam dragon scales
 S - a +2 hat of stealth (worn)
Jewellery
 c - a ring of willpower
 d - a +4 ring of protection
 e - a ring of ice
 i - a ring of protection from cold
 j - a +5 ring of evasion (right hand)
 t - an amulet of reflection (around neck)
 M - a +4 ring of protection
 P - a +5 ring of evasion (left hand)
 Q - an amulet of regeneration
 V - a ring of resist corrosion
Wands
 k - a wand of flame (29)
 m - a wand of roots (6)
 w - a wand of acid (12)
 D - a wand of paralysis (13)
Scrolls
 p - 4 scrolls of identify
 s - 2 scrolls of revelation
 y - 3 scrolls of poison
 A - a scroll of torment
 B - 3 scrolls of teleportation
 E - 2 scrolls of blinking
 L - a scroll of amnesia
 R - a scroll of vulnerability
 U - a scroll of silence
 W - 2 scrolls of fog
Potions
 l - a potion of lignification
 n - a potion of enlightenment
 o - 11 potions of curing
 C - a potion of haste
 I - 2 potions of mutation
 J - a potion of berserk rage
 N - 3 potions of heal wounds
 X - a potion of attraction
Miscellaneous
 x - a tin of tremorstones (2/2)
 K - a lightning rod (4/4)
 O - a phial of floods
 Y - a phantom mirror


   Skills:
 - Level 7.6 Fighting
 - Level 13.0 Ranged Weapons
 - Level 11.9 Dodging
 - Level 9.8 Spellcasting
 - Level 7.3 Hexes
 - Level 9.8 Translocations
 - Level 1.3 Fire Magic
 - Level 9.2 Air Magic
 - Level 8.7 Earth Magic
 + Level 0.0 Invocations
 - Level 5.9 Evocations


You had 7 spell levels left.
You knew the following spells:

 Your Spells              Type           Power      Damage    Failure   Level
a - Jinxbite              Hex            50%        N/A       3%          2
b - Swiftness             Air            30%        N/A       3%          3
c - Airstrike             Air            15%        2d(3-19)  11%         4
d - Passwall              Erth           29%        N/A       3%          3
e - Dimensional Bullseye  Hex/Tloc       14%        N/A       14%         4
f - Inner Flame           Hex/Fire       17%        N/A       24%         3
g - Summon Lightning Spi  Summ/Air       18%        N/A       56%         4
h - Teleport Other        Tloc           32%        N/A       2%          3

Your spell library contained the following spells:

 Spells                   Type           Power      Damage    Failure   Level
 Gell's Gravitas          Tloc           32%        N/A       2%          3
 Shock                    Conj/Air       72%        1d7       7%          1
 Sigil of Binding         Hex            25%        N/A       7%          3
 Manifold Assault         Tloc           32%        N/A       8%          4
 Passage of Golubria      Tloc           32%        N/A       8%          4
 Static Discharge         Conj/Air       36%        3-5/arc   11%         2
 Volatile Blastmotes      Fire/Tloc      40%        2d13      14%         3
 Ensorcelled Hibernation  Hex/Ice        30%        N/A       16%         2
 Stone Arrow              Conj/Erth      34%        3d9       22%         3
 Cause Fear               Hex            12%        N/A       22%         4
 Dazzling Flash           Conj/Hex       30%        N/A       30%         3
 Silence                  Hex/Air        13%        N/A       38%         5
 Sublimation of Blood     Necr           6%         N/A       56%         2
 Petrify                  Alch/Erth      17%        N/A       58%         4
 Dispersal                Tloc           16%        N/A       77%         6
 Borgnjor's Vile Clutch   Necr/Erth      8%         N/A       91%         5
 Alistair's Intoxication  Alch           4%         N/A       100%        5
 Irradiate                Conj/Alch      3%         3d12      100%        5
 Iskenderun's Battlesphe  Conj           6%         2d6       100%        5
 Bombard                  Conj/Erth      8%         9d2       100%        6
 Eringya's Noxious Bog    Alch           3%         4d6       100%        6
 Starburst                Conj/Fire      4%         6d3       100%        6
 Spellforged Servitor     Conj/Summ      3%         N/A       100%        7
 Disjunction              Tloc           16%        N/A       100%        8
 Lehudib's Crystal Spear  Conj/Erth      8%         10d4      100%        8
 Maxwell's Capacitive Co  Air            15%        ∞         100%        8


Dungeon Overview and Level Annotations

Branches:
Dungeon (10/15)            Temple (1/1) D:7            Lair (5/5) D:9
  Swamp (1/4) Lair:2       Spider (1/4) Lair:2        Slime (0/5) Lair:4
    Orc: D:9-12

Altars:
Ashenzari
Cheibriados
Dithmenos
Elyvilon
Fedhas
Gozag
Hepliaklqana
Kikubaaqudgha
Makhleb
Nemelex Xobeh
Okawaru
Qazlal
Ru
Sif Muna
Trog
Uskayaw
Vehumet
Wu Jian
Xom
Yredelemnul
Zin
The Shining One
Jiyva

Shops:
D:2 !   D:3 (   D:4 [   D:6 =   D:9 [


Innate Abilities, Weirdness & Mutations

You are small and have problems with some larger weapons.
You are completely attuned to the shadows.
You are partially covered in large bone plates. (SH +4)
You are agile. (Dex +4, Str/Int -1)
Your flesh is heat resistant. (rF+)


Message History

Your shadow shoots an arrow.
The arrow hits the eleionoma.
The eleionoma hurls a spray of splinters at you.
The spray of wooden splinters hits you.
* * * LOW HITPOINT WARNING * * *
You shoot an arrow. The arrow hits the eleionoma.
The arrow freezes the eleionoma.
The eleionoma is moderately wounded.
The eleionoma completely misses you.
You shoot an arrow. The arrow hits the eleionoma!
The arrow freezes the eleionoma.
The eleionoma is heavily wounded.
The eleionoma closely misses you.
You shoot an arrow. The arrow hits the eleionoma!
The arrow freezes the eleionoma.
The eleionoma is severely wounded.
The eleionoma touches a tree and draws upon its vitality.
The eleionoma is healed.
You shoot an arrow.
The arrow hits the eleionoma but does no damage.
The eleionoma is lightly wounded.
A giggling sprite leaps out and doodles on the eleionoma's face.
The eleionoma is lightly wounded.
The eleionoma splashes around in the water.
You shoot an arrow. The arrow hits the eleionoma!
The arrow freezes the eleionoma.
The eleionoma is moderately wounded.
The eleionoma hurls a spray of splinters at you.
The spray of wooden splinters misses you.
The eleionoma hurls a spray of splinters at you.
The spray of wooden splinters misses you.
You shoot an arrow. The arrow barely misses the eleionoma.
The eleionoma hurls a spray of splinters at you.
The spray of wooden splinters misses you.
You shoot an arrow. The arrow hits the eleionoma.
The arrow freezes the eleionoma.
The eleionoma is moderately wounded.
The eleionoma seems less drained.
The eleionoma hurls a spray of splinters at you.
The spray of wooden splinters hits you!!
You die...

....###.....#####..#####
....# ####.###.#...###.###
....# ### #..#..#.....##
....# ###(.§........# ...##
##...§........## ..##
##.§§§§...[....P# ..##
##...§§♣§§.......# ...#
##...§§R§§♣......## ...###
#....§§♣@§§§......#
.....####.....~§§§§......##
.......##......~♣~.......#
.......................###
.........###............#
#..#...P## ##.####P...###
##P###### ### ###### ###


You could see an eleionoma.

Vanquished Creatures
  Gastronok (Lair:2)
  2 dire elephants (Lair:5)
  3 hydras
  2 catoblepae (Lair:5)
  6 boulder beetles
  3 two-headed ogres
  2 spectral death yaks (Lair:5)
  2 skysharks
  A spectral anaconda (Lair:5)
  A bog body (Lair:2)
  4 necromancers (Lair:5)
  An obsidian statue (Lair:5)
  The ghost of brilapsti the Carver, a novice DrMo of Okawaru (D:7)
  11 elephants
  2 black mambas
  2 molten gargoyles (Lair:4)
  2 dire elephant skeletons (Lair:5)
  Joseph (D:7)
  6 cane toads
  Maggie (D:8)
  A rime drake (Lair:2)
  9 komodo dragons
  A tarantella (Spider:1)
  A hornet (D:8)
  A troll (D:10)
  21 blink frogs
  The ghost of MysticSailboat the Digger, an amateur OpEE of Ignis (D:3)
  2 spectral elephants (Lair:5)
  4 wyverns
  A culicivora (Spider:1)
  Sigmund (D:2)
  4 fire bats (D:9)
  48 yaks
  Grum (D:9)
  A fire elemental (D:9)
  5 redbacks
  2 basilisks
  3 death yak simulacra (Lair:5)
  4 steam dragons
  A swamp worm (Swamp:1)
  19 water moccasins
  A nameless horror (Lair:5)
  A hell hound (D:9)
  5 black bears
  2 orc warriors (D:9)
  2 elephant zombies (Lair:5)
  5 sky beasts
  2 ogres (D:5)
  26 wolves
  A centaur (D:8)
  The ghost of Jingleheimer the Insei, an amateur OpSh (D:3)
  The ghost of redpenguiin the Trooper, an amateur GrMo (D:4)
  3 elephant skeletons (Lair:5)
  A phantom (D:6)
  8 bullfrogs
  4 scorpions
  4 gnoll sergeants
  A cane toad simulacrum (Lair:5)
  8 wights (D:8)
  15 killer bees
  3 elephant simulacra (Lair:5)
  2 howler monkeys
  An electric eel (Lair:4)
  A bombardier beetle (D:7)
  2 lava snakes (D:9)
  6 jellies
  2 sleepcaps (D:7)
  A hound (D:3)
  6 orc priests
  A gnoll bouda (D:4)
  Terence (D:2)
  11 orc wizards
  The ghost of middlethird the Digger, a weakling VSEE (D:3)
  14 gnolls
  5 adders
  A shadow imp (D:7)
  2 ufetubi (D:6)
  3 dart slugs
  25 orcs
  9 ball pythons
  8 endoplasms
  3 giant cockroaches
  6 goblins
  6 hobgoblins
  6 jackals
  5 kobolds
  2 quokkas
  2 bats
  2 frilled lizards
  4 rats
417 creatures vanquished.

Vanquished Creatures (collateral kills)
  A dire elephant (Lair:5)
  A spectral dire elephant (Lair:5)
  An elephant skeleton (Lair:5)
3 creatures vanquished.

Vanquished Creatures (others)
  8 foxfires (Swamp:1)
8 creatures vanquished.

Grand Total: 428 creatures vanquished

Notes
Turn   | Place    | Note
-------+----------+-------------------------------------------
     0 | D:1      | Arctor the Kobold Hexslinger began the quest for the Orb.
     0 | D:1      | Reached XP level 1. HP: 12/12 MP: 2/2
   143 | D:1      | Reached XP level 2. HP: 16/16 MP: 3/3
   158 | D:1      | Learned a level 2 spell: Jinxbite
   473 | D:1      | Reached skill level 3 in Ranged Weapons
   689 | D:2      | Found Toapo's Distillery.
   714 | D:2      | Reached XP level 3. HP: 20/20 MP: 5/5
   872 | D:2      | Identified the +1 robe of Elyvilon's Wrath {Str+5}
   968 | D:2      | Noticed Terence
   970 | D:2      | Noticed Sigmund
  1086 | D:2      | Killed Terence
  1087 | D:2      | Reached XP level 4. HP: 25/26 MP: 3/6
  1324 | D:2      | Killed Sigmund
  1325 | D:2      | Reached skill level 4 in Ranged Weapons
  1325 | D:2      | Reached XP level 5. HP: 32/32 MP: 5/8
  1325 | D:2      | Reached XP level 6. HP: 36/36 MP: 5/9
  1617 | D:2      | Learned a level 3 spell: Swiftness
  1763 | D:3      | Found a runed translucent gate.
  1764 | D:3      | Found a runed translucent gate.
  1765 | D:3      | Found a runed translucent gate.
  2283 | D:3      | Found a faded altar of an unknown god.
  2614 | D:3      | Found Diceny's Antique Weapon Boutique.
  2806 | D:3      | Noticed middlethird's ghost (weakling VSEE)
  2806 | D:3      | Noticed MysticSailboat's ghost (amateur OpEE)
  2806 | D:3      | Noticed Jingleheimer's ghost (amateur OpSh)
  2822 | D:3      | Gained mutation: You are agile. (Dex +4, Str/Int -1)
                  | [potion of mutation]
  2822 | D:3      | Gained mutation: You are partially covered in large bone
                  | plates. (SH +4) [potion of mutation]
  2822 | D:3      | Gained mutation: Your flesh is heat resistant. (rF+)
                  | [potion of mutation]
  2840 | D:3      | Killed MysticSailboat's ghost
  2841 | D:3      | Reached skill level 1 in Air Magic
  2841 | D:3      | Reached XP level 7. HP: 17/41 MP: 8/11
  2847 | D:3      | Killed Jingleheimer's ghost
  2848 | D:3      | Reached skill level 5 in Ranged Weapons
  2937 | D:3      | Killed middlethird's ghost
  3318 | D:4      | Found a runed translucent gate.
  3327 | D:4      | Found a runed translucent gate.
  3328 | D:4      | Found a runed translucent gate.
  3343 | D:4      | Noticed redpenguiin's ghost (amateur GrMo)
  3385 | D:4      | Found Cacwooss's Armour Shop.
  3390 | D:4      | Bought a scarf of repulsion for 156 gold pieces
  3390 | D:4      | Bought a +0 cloak for 58 gold pieces
  4007 | D:4      | Reached XP level 8. HP: 48/48 MP: 11/13
  4027 | D:4      | Killed redpenguiin's ghost
  4076 | D:4      | Reached skill level 5 in Dodging
  4143 | D:5      | Entered Level 5 of the Dungeon
  4405 | D:5      | Reached skill level 6 in Ranged Weapons
  4405 | D:5      | Reached skill level 5 in Hexes
  4674 | D:5      | Reached XP level 9. HP: 49/53 MP: 12/15
  4679 | D:5      | Reached skill level 5 in Fighting
  4679 | D:5      | Reached skill level 1 in Evocations
  5461 | D:6      | Found Yqead's Jewellery Boutique.
  5529 | D:6      | Reached skill level 7 in Ranged Weapons
  5542 | D:6      | Reached skill level 5 in Spellcasting
  6385 | D:7      | Noticed Joseph
  6390 | D:7      | Identified a scroll of acquirement
  6510 | D:6      | Acquired the +2 pair of slick slippers {slick, slippery,
                  | EV+4}
  6510 | D:6      | Found the +2 pair of slick slippers {slick, slippery, EV+4}
  6534 | D:6      | Learned a level 4 spell: Airstrike
  6553 | D:7      | Killed Joseph
  6651 | D:7      | Reached XP level 10. HP: 60/60 MP: 14/17
  6722 | D:7      | Found a white marble altar of Elyvilon.
  6767 | D:7      | Found a runed translucent gate.
  6767 | D:7      | Found a runed translucent gate.
  6767 | D:7      | Found a runed translucent gate.
  6774 | D:7      | Noticed brilapsti's ghost (novice DrMo)
  6989 | D:7      | Found a staircase to the Ecumenical Temple.
  7139 | Temple   | Entered the Ecumenical Temple
  7145 | Temple   | Noticed a balrug
  7148 | Temple   | Noticed Otan the pandemonium lord
  7148 | Temple   | Noticed a reaper
  7148 | Temple   | Noticed an ice devil
  7171 | Temple   | Noticed Joits the pandemonium lord
  7183 | Temple   | Noticed a rust devil
  7186 | Temple   | Noticed Kogout the pandemonium lord
  7187 | Temple   | Noticed Wunwi the pandemonium lord
  7199 | Temple   | Became a worshipper of Dithmenos the Shadowed
  7410 | D:7      | Killed brilapsti's ghost
  7515 | D:8      | Noticed a two-headed ogre
  7522 | D:8      | Killed a two-headed ogre
  7523 | D:8      | Reached skill level 8 in Ranged Weapons
  7617 | D:8      | Reached skill level 5 in Air Magic
  7982 | D:8      | Identified the +6 whip of Disintegration {drain, rC- Dex+8}
  8366 | D:8      | Noticed Maggie
  8380 | D:8      | Killed Maggie
  8381 | D:8      | Reached skill level 5 in Evocations
  8381 | D:8      | Reached XP level 11. HP: 67/67 MP: 18/20
  8442 | D:8      | Reached * piety under Dithmenos
  8816 | D:9      | Noticed Grum
  8955 | D:9      | Found Qeiwoqi's Antique Armour Emporium.
  9084 | D:9      | Reached skill level 9 in Ranged Weapons
  9306 | D:9      | Reached ** piety under Dithmenos
  9458 | D:9      | Found a staircase to the Lair.
  9552 | D:9      | You fall into a shaft and drop 1 floor!
  9552 | D:10     | Entered Level 10 of the Dungeon
  9662 | D:9      | Killed Grum
  9838 | D:9      | Learned a level 3 spell: Passwall
  9843 | D:9      | Learned a level 4 spell: Dimensional Bullseye
  9847 | D:9      | Learned a level 3 spell: Inner Flame
 10150 | D:10     | Reached skill level 1 in Translocations
 10150 | D:10     | Reached skill level 1 in Earth Magic
 10209 | D:10     | Noticed a two-headed ogre
 10217 | D:10     | Killed a two-headed ogre
 10422 | D:10     | Noticed a two-headed ogre
 10426 | D:10     | Killed a two-headed ogre
 10451 | D:10     | Reached XP level 12. HP: 72/72 MP: 22/22
 10920 | D:6      | Bought an amulet of reflection for 330 gold pieces
 10920 | D:6      | Acquired 891 gold pieces
 10922 | D:6      | Bought a +5 ring of evasion for 396 gold pieces
 11051 | D:2      | Bought a potion of heal wounds for 55 gold pieces
 11051 | D:2      | Bought a potion of heal wounds for 55 gold pieces
 11051 | D:2      | Bought a potion of curing for 33 gold pieces
 11240 | Lair:1   | Entered Level 1 of the Lair of Beasts
 11627 | Lair:1   | Reached skill level 10 in Ranged Weapons
 11713 | Lair:1   | Identified the +8 sling of the Median {freeze, Dex+3}
 11817 | Lair:1   | Reached *** piety under Dithmenos
 12371 | Lair:2   | Got the Almanac of the Mesa and Places
 12595 | Lair:2   | Found a staircase to the Swamp.
 12637 | Lair:2   | Noticed a skyshark
 12818 | Lair:1   | Learned a level 4 spell: Summon Lightning Spire
 12998 | Lair:2   | Killed a skyshark
 12999 | Lair:2   | Reached skill level 5 in Earth Magic
 13033 | Lair:2   | Noticed Gastronok
 13041 | Lair:2   | Killed Gastronok
 13042 | Lair:2   | Reached skill level 5 in Translocations
 13218 | Lair:2   | Found a hole to the Spider Nest.
 13653 | Lair:2   | Reached XP level 13. HP: 61/77 MP: 24/24
 13776 | Lair:3   | Reached skill level 10 in Dodging
 13898 | Lair:3   | Reached skill level 11 in Ranged Weapons
 14428 | Lair:3   | Reached **** piety under Dithmenos
 14433 | Lair:3   | Learned a level 3 spell: Teleport Other
 15042 | Lair:4   | Found a staircase to the Slime Pits.
 15057 | Lair:4   | Found a viscous altar of Jiyva.
 15257 | Lair:4   | Noticed a four-headed hydra
 15260 | Lair:4   | Killed a four-headed hydra
 15387 | Lair:4   | Noticed a five-headed hydra
 15589 | Lair:5   | Entered Level 5 of the Lair of Beasts
 15717 | Lair:5   | Noticed a catoblepas
 15727 | Lair:5   | Killed a catoblepas
 16018 | Lair:5   | Noticed a seven-headed hydra
 16023 | Lair:5   | Killed a seven-headed hydra
 16024 | Lair:5   | Reached XP level 14. HP: 82/82 MP: 26/26
 16117 | Lair:5   | Reached ***** piety under Dithmenos
 16404 | Lair:4   | Reached skill level 12 in Ranged Weapons
 17188 | Lair:5   | Noticed a dire elephant
 17207 | Lair:5   | Killed a dire elephant
 17976 | Lair:5   | Noticed a dire elephant
 17976 | Lair:5   | Noticed a dire elephant
 17997 | Lair:5   | Killed a dire elephant
 18005 | Lair:5   | Killed a dire elephant
 18011 | Lair:5   | HP: 3/82 [dire elephant simulacrum (31)]
 19070 | Lair:4   | Reached XP level 15. HP: 79/87 MP: 28/28
 19387 | Spider:1 | Entered Level 1 of the Spider Nest
 19500 | Spider:1 | Reached skill level 13 in Ranged Weapons
 19717 | Swamp:1  | Entered Level 1 of the Swamp
 19750 | Lair:2   | Killed from afar by an eleionoma

Illustrated notes

Levels and vault maps discovered:
D:1:      psy_arrival_fountain, layout_rooms, minmay_hexomino_p4
D:2:      layout_rooms, serial_shops, nicolae_shop_tiny_waterfront,
          uniq_terence, uniq_sigmund
D:3:      layout_loops_corners, shapermc_ecumenical_altar_hornbeckon,
          gammafunk_ghost_cemetery, serial_shops,
          nicolae_shop_tiny_real_fake_doors
D:4:      layout_loops_corners, gammafunk_ghost_split, serial_shops, shop
D:5:      layout_loops_cross
D:6:      layout_rooms, serial_shops, shop
D:7:      layout_loops_cross, lemuel_coloured_pillars_altar,
          minmay_temple_entry_arrows, ebering_ghost_rock_garden, uniq_joseph
D:8:      layout_cave_pods, hangedman_misty_isle, uniq_maggie
D:9:      layout_roguey, lair_entry_dummy, serial_shops,
          nicolae_shop_rolling_square, hangedman_incinerator, uniq_grum
D:10:     layout_irregular_city
Temple:   nicolae_temple_panitentiary
Lair:1:   layout_cave_pods, grunt_megastairs_3, serial_bayou_shore_b
Lair:2:   layout_cave_pods, skrybe_swamp_entry_bodies, spider_nest_entry_webs,
          gauntlet_entry_generic, nicolae_lair_grove_arrangements,
          columned_hall_lemuel, uniq_gastronok
Lair:3:   layout_layer_cave, serial_bayou_shore_a
Lair:4:   layout_gridlike, nicolae_slime_entry_field_trip,
          grunt_forest_small_clearing_treed
Lair:5:   due_jungle_book, layout_regular_city
Swamp:1:  layout_falls_marsh, evilmike_swamp_ruin_house_5,
          infiniplex_staircase_pool
Spider:1: layout_chambers

Skill      XL: |  1  2  3  4  5  6  7  8  9 10 11 12 13 14 15 |
---------------+----------------------------------------------+-----
Ranged Weapons | 3 4 5 6 7 8 9 10 11 12 13 | 13.0
Fighting       | 2 3 4 5 7 |  7.6
Dodging        | 3 4 5 6 7 8 9 10 11 | 11.9
Spellcasting   | 2 3 4 5 6 7 8 9 |  9.8
Hexes          | 4 5 6 7 |  7.3
Air Magic      | 1 2 3 4 5 6 7 8 9 |  9.2
Evocations     | 3 5 |  5.9
Translocations | 2 5 7 9 |  9.8
Earth Magic    | 2 5 7 8 |  8.7
Fire Magic     | |  1.3

Action                     |  1- 3 |  4- 6 |  7- 9 | 10-12 | 13-15 || total
---------------------------+-------+-------+-------+-------+-------++-------
  Melee: Sling             |       |     9 |    12 |       |       ||    21
         Dagger            |       |     1 |       |    10 |     2 ||    13
         Punch             |       |       |       |       |     1 ||     1
   Fire: Sling             |    73 |    97 |   162 |       |       ||   332
         Orcbow            |       |       |   105 |   583 |   915 ||  1603
   Cast: Jinxbite          |     1 |     5 |    26 |    20 |    39 ||    91
         Summon Lightning  |       |       |       |     2 |     6 ||     8
         Teleport Other    |       |       |       |       |     2 ||     2
         Swiftness         |       |       |       |       |     1 ||     1
         Dimensional Bulls |       |       |       |       |     8 ||     8
         Inner Flame       |       |       |       |       |     1 ||     1
    Use: Potion            |     3 |     3 |     2 |       |     3 ||    11
         Scroll            |       |     4 |     9 |     9 |     6 ||    28
   Stab: Sleeping          |       |       |       |     1 |     1 ||     2
 Armour: Robe              |    28 |    33 |    75 |    76 |       ||   212
         Skin              |    19 |       |       |       |       ||    19
         Steam dragon scal |       |       |       |    29 |   117 ||   146
         Swamp dragon scal |       |       |       |       |    20 ||    20
  Dodge: Dodged            |    53 |    53 |   186 |   658 |   898 ||  1848
  Block: Other             |       |     2 |    39 |    80 |    98 ||   219
